 Dungeon Crawl Stone Soup version 0.29-a0-653-gd47aff6735 (webtiles) character file.

Game seed: 2322378788330779041

109 DocClef the Skirmisher (level 5, -1/46 HPs)
             Began as a Formicid Fighter on June 21, 2022.
             Slain by an orc priest
             ... wielding a +3 vampiric short sword
              (8 damage)
             ... on level 3 of the Dungeon.
             The game lasted 00:02:20 (2695 turns).

DocClef the Skirmisher (Formicid Fighter)           Turns: 2695, Time: 00:02:22

Health: -1/46      AC: 10    Str: 23    XL:     5   Next: 13%
Magic:  5/5        EV:  7    Int:  7    God:
Gold:   133        SH:  5    Dex: 13    Spells: 4/4 levels left

rFire   . . .      SeeInvis +   j - +3 short sword (venom)
rCold   . . .      Faith    .   c - +0 buckler
rNeg    . . .      Spirit   .   l - +0 chain mail
rPois   .          Reflect  .   (helmet unavailable)
rElec   .          Harm     .   (no cloak)
rCorr   .          Rampage  .   (no gloves)
Will    .....                   o - +0 pair of boots
Stlth   ..........              (no amulet)
HPRegen 0.15/turn               (no ring)
MPRegen 0.09/turn               (no ring)

@: no status effects
A: permanent stasis, dig shafts and tunnels, antennae 3, four strong arms
a: Dig, Shaft Self


You were on level 3 of the Dungeon.
You visited 1 branch of the dungeon, and saw 3 of its levels.

You collected 133 gold pieces.

Inventory:

Hand Weapons
 a - a +0 war axe
 j - a +3 short sword of venom (weapon)
Armour
 c - a +0 buckler (worn)
 l - a +0 chain mail (worn)
 o - a +0 pair of boots (worn)
Jewellery
 e - a ring of fire
Potions
 b - 2 potions of lignification {unknown}
 d - 2 potions of might
 f - a potion of brilliance


   Skills:
 + Level 6.0 Fighting
 - Level 2.0 Axes
 - Level 3.2 Armour
 - Level 4.0 Shields


You had 4 spell levels left.
You didn't know any spells.
Your spell library was empty.

Dungeon Overview and Level Annotations

Branches:
Dungeon (3/15)

Altars:
Okawaru


Innate Abilities, Weirdness & Mutations

You cannot be hasted, slowed, berserked, paralysed or teleported.
You can dig through walls and to a lower floor.
You have a pair of large antennae on your head. (SInv)
Your four strong arms can wield two-handed weapons with a shield.


Message History

You hit the orc.
The orc is poisoned.
The orc is heavily wounded.
The orc barely misses you.
You hit the orc.
The orc is heavily wounded.
The orc hits you with a +0 whip.
The orc priest hits you with a +3 vampiric short sword.
You puncture the orc!
You kill the orc!
The orc priest hits you but does no damage.
Your Fighting skill increases to level 6!
You hit the orc priest.
The orc priest is lightly wounded.
The orc priest mumbles some strange prayers to Beogh against you.
Pain shoots through your body!
You puncture the orc priest!
The orc priest is heavily wounded.
The orc priest hits you with a +3 vampiric short sword.
The orc priest draws strength from your wounds!
You hit the orc priest.
The orc priest is poisoned.
The orc priest is moderately wounded.
You block the orc priest's attack.
You hit the orc priest.
The orc priest is heavily wounded.
The orc priest hits you with a +3 vampiric short sword.
The orc priest draws strength from your wounds!
You hit the orc priest.
The orc priest looks as sick as possible!
The orc priest is severely wounded.
The orc priest invokes the aid of Beogh against you.
Beogh smites you!
You are too injured to fight recklessly!
You are too injured to fight recklessly!
You closely miss the orc priest.
The orc priest is severely wounded.
The orc priest mumbles some strange prayers to Beogh against you.
Pain shoots through your body!
* * * LOW HITPOINT WARNING * * *
The orc priest hits you with a +3 vampiric short sword!
You die...

.....# #.###+##### .....#
#.##....[.# ##'### #.##......#
##.#### #.........####
......##############.#+##.....#
...................^........>.#
...##..###...####.##.#.#......#
######.###...####.##.#........#
#..##...##)@..#.####.....#
##.##...##o#..#.# #.....#
#.#######.#..#.# #######
#.....###.#....#
#....{....#.#### #.........#.#
#.#.#......#.# #.#.#.......#.#
#.#.#.#......#.#


You could see an orc priest (extremely poisoned).

Vanquished Creatures
  Terence (D:2)
  2 adders (D:2)
  2 worms (D:3)
  4 dart slugs
  An orc (D:3)
  3 ball pythons
  5 bats
  2 endoplasms (D:2)
  9 goblins
  4 hobgoblins
  3 jackals (D:2)
  8 kobolds
  3 frilled lizards (D:2)
  2 rats (D:1)
49 creatures vanquished.

Notes
Turn   | Place    | Note
-------+----------+-------------------------------------------
     0 | D:1      | DocClef the Formicid Fighter began the quest for the Orb.
     0 | D:1      | Reached XP level 1. HP: 18/18 MP: 1/1
   112 | D:1      | Reached XP level 2. HP: 25/25 MP: 2/2
   158 | D:1      | Reached skill level 4 in Fighting
   961 | D:2      | Reached XP level 3. HP: 31/31 MP: 3/3
  1042 | D:2      | Reached skill level 5 in Fighting
  1298 | D:2      | Noticed Terence
  1307 | D:2      | Killed Terence
  1308 | D:2      | Reached XP level 4. HP: 27/39 MP: 4/4
  2123 | D:2      | Found an iron altar of Okawaru.
  2415 | D:2      | Reached XP level 5. HP: 44/46 MP: 5/5
  2690 | D:3      | Reached skill level 6 in Fighting
  2695 | D:3      | Slain by an orc priest

Illustrated notes

Levels and vault maps discovered:
D:1:      minmay_arrival_open_corners, layout_basic
D:2:      kennysheep_the_goblin_king, layout_loops_corners, basic_altar,
          uniq_terence
D:3:      layout_basic, slow_altar_2, uniq_crazy_yiuf_cottage, uniq_jessica

Skill      XL: |  1  2  3  4  5 |
---------------+----------------+-----
Fighting       | 4 5 6 |  6.0
Axes           | |  2.0
Armour         | |  3.2
Shields        | |  4.0

Action                   |  1- 3 |  4- 6 || total
-------------------------+-------+-------++-------
Melee: War axe           |    29 |       ||    29
       Short sword       |    35 |    71 ||   106
  Use: Scroll            |       |     7 ||     7
       Potion            |       |     2 ||     2
Armor: Scale mail        |    14 |       ||    14
       Chain mail        |     3 |    24 ||    27
Dodge: Dodged            |    27 |    19 ||    46
Block: Buckler           |    11 |    21 ||    32

Table legend: (Time is in decaauts)
 A = Elapsed time spent in this place.
 B = Non-inter-level travel time spent in this place.
 C = Inter-level travel time spent in this place.
 D = Time resting spent in this place.
 E = Time spent auto-exploring this place.
 F = Levels seen in this place.
 G = Mean time per level.
                   A        B        C        D        E       F      G
               +--------+--------+--------+--------+--------+-----+--------+
         Total |   2720 |   2661 |     59 |    308 |   1956 |   3 |  906.7 |
       Dungeon |   2720 |   2661 |     59 |    308 |   1956 |   3 |  906.7 |
               +--------+--------+--------+--------+--------+-----+--------+

Top non-repeatable levels by time:
     D:2: 1516 daAuts
     D:1: 967 daAuts
     D:3: 235 daAuts
